Map: Odyssey LE

Players

Trust

  • Race: Protoss Protoss
  • League: Diamond
  • Spawn Location: 5:00

ByuN - Winner!

  • Race: Terran Terran
  • Spawn Location: 11:00

VOD

Have the link to the VOD?

Description

Time

  • Played on: July 27, 2017, 11:50 p.m.
  • Length: 8:16
Show
View Real Time Build Order
Export as new Build Order

Trust Protoss 

Build Orders: 1 Gate Expand, Oracle Opening 

Get SALT Encoding   

  12  0:00  Probe (Chrono Boost)  
  13  0:11  Probe (Chrono Boost)  
  14  0:17  Pylon  
  14  0:21  Probe (Chrono Boost)  
  15  0:35  Gateway, Probe (Chrono Boost)  
  16  0:46  Probe (Chrono Boost)  
  16  0:47  Assimilator  
  17  0:56  Probe (Chrono Boost)  
  18  1:07  Probe (Chrono Boost)  
  19  1:20  Nexus  
  19  1:29  Cybernetics Core  
  19  1:33  Probe (Chrono Boost)  
  19  1:37  Assimilator  
  20  1:46  Pylon, Probe (Chrono Boost)  
  21  1:57  Probe (Chrono Boost)  
  22  2:05  Adept (Chrono Boost)  
  22  2:07  Probe  
  25  2:19  Probe  
  25  2:20  Stargate  
  26  2:30  Warp Gate (Chrono Boost)  
  26  2:31  Probe  
  26  2:35  Probe  
  27  2:39  Adept (Chrono Boost)  
  30  2:49  Probe  
  30  3:02  Probe  
  30  3:09  Oracle (Chrono Boost)  
  30  3:12  Probe  
  33  3:14  Gateway  
  33  3:15  Gateway  
  34  3:21  Probe  
  34  3:22  Probe  
  36  3:27  Adept  
  36  3:33  Probe  
  39  3:34  Probe  
  40  3:45  Oracle  
  40  3:46  Probe x2  
  40  3:47  Pylon  
  45  3:58  Probe  
  46  4:03  Probe  
  45  4:10  Probe  
  45  4:13  Pylon  
  45  4:15  Probe  
  47  4:17  Phoenix  
  47  4:22  Probe  
  50  4:27  Probe  
  51  4:33  Pylon  
  51  4:34  Adept x3, Probe  
  59  4:47  Mothership Core (Chrono Boost)  
  59  4:48  Probe (Chrono Boost), Pylon  
  61  4:54  Nexus  
  52  5:07  Phoenix  
  52  5:12  Stalker x2  
  57  5:15  Assimilator  
  57  5:17  Assimilator  
  57  5:18  Probe (Chrono Boost)  
  55  5:23  Probe (Chrono Boost)  
  42  5:29  Probe (Chrono Boost)  
  42  5:33  Probe (Chrono Boost)  
  44  5:40  Probe (Chrono Boost)  
  45  5:44  Probe (Chrono Boost)  
  46  5:53  Probe (Chrono Boost)  
  46  5:54  Probe (Chrono Boost)  
  46  5:56  Phoenix (Chrono Boost)  
  49  6:10  Probe  
  49  6:11  Twilight Council, Forge, Probe  
  50  6:13  Probe  
  52  6:23  Oracle (Chrono Boost)  
  55  6:30  Probe (Chrono Boost)  
  56  6:35  Probe (Chrono Boost)  
  56  6:37  Probe (Chrono Boost)  
  58  6:43  Probe  
  58  6:46  Probe  
  60  6:55  Probe x2 (Chrono Boost)  
  62  7:03  Probe (Chrono Boost)  
  62  7:07  Probe x2 (Chrono Boost)  
  65  7:10  Zealot, Sentry x2  
  65  7:14  Probe (Chrono Boost)  
  72  7:17  Pylon  
  72  7:18  Probe (Chrono Boost)  
  72  7:21  Probe (Chrono Boost)  
  74  7:25  Probe (Chrono Boost)  
  74  7:28  Probe (Chrono Boost)  
  76  7:34  Gateway  
  76  7:35  Gateway  
  76  7:37  Phoenix  
  76  7:38  Gateway  
  76  7:42  Sentry  
  76  7:43  Adept  
  82  7:46  Adept  
  84  7:57  Pylon, Probe x2  
Show
View Real Time Build Order
Export as new Build Order

ByuN Terran - Winner!

Build Orders: Liberator Opening, Reaper Expand, MMM Bio 

Get SALT Encoding   

  12  0:00  SCV  
  13  0:12  SCV  
  14  0:16  Supply Depot  
  14  0:24  SCV  
  15  0:28  Refinery  
  15  0:38  SCV  
  16  0:44  Barracks  
  16  0:50  SCV  
  17  1:02  SCV  
  18  1:14  SCV  
  19  1:32  Orbital Command, Reaper  
  20  1:44  Command Center  
  20  1:55  Factory  
  20  1:57  SCV  
  21  2:05  Refinery  
  21  2:06  Barracks Reactor  
  21  2:09  SCV  
  21  2:14  Supply Depot  
  22  2:21  SCV  
  23  2:36  SCV  
  24  2:41  Starport  
  24  2:42  Widow Mine  
  24  2:43  Marine  
  24  2:44  Marine  
  28  2:53  SCV  
  28  2:57  Orbital Command  
  29  2:59  Liberator  
  29  3:05  SCV  
  30  3:06  Marine x2  
  30  3:10  Widow Mine  
  37  3:24  Marine x2  
  37  3:25  SCV  
  37  3:26  SCV  
  40  3:31  Supply Depot  
  40  3:39  Widow Mine  
  42  3:42  Marine x2  
  42  3:43  SCV x2  
  42  3:48  Supply Depot  
  46  3:55  SCV  
  47  3:57  SCV  
  47  4:00  Marine x2  
  50  4:07  SCV  
  50  4:08  Medivac  
  50  4:09  SCV  
  54  4:12  Widow Mine  
  56  4:17  Supply Depot  
  56  4:19  SCV  
  56  4:21  SCV  
  56  4:26  Marine  
  56  4:27  Marine  
  58  4:31  SCV  
  58  4:33  SCV, Supply Depot  
  60  4:39  Barracks  
  60  4:43  SCV  
  62  4:45  SCV  
  62  4:47  Marine x2  
  62  4:48  Barracks  
  62  4:50  Factory Tech Lab  
  62  4:51  Starport Tech Lab  
  64  4:53  Cyclone  
  64  4:59  SCV  
  67  5:02  SCV  
  67  5:05  Marine  
  62  5:09  Marine  
  62  5:11  SCV  
  55  5:14  SCV  
  54  5:22  Marine  
  54  5:23  SCV  
  54  5:26  Factory Tech Lab  
  54  5:27  Marine  
  52  5:32  Starport Reactor  
  52  5:35  Stimpack, Marine  
  54  5:36  Marine  
  54  5:40  SCV x2  
  54  5:41  Engineering Bay  
  55  5:44  Marine  
  55  5:45  Marine  
  57  5:52  Marine  
  57  5:53  Refinery  
  57  5:56  Factory Reactor  
  58  5:57  SCV x2  
  58  6:01  Bunker  
  60  6:05  Marine x2, Combat Shields  
  60  6:06  Marine  
  60  6:09  Terran Infantry Weapons Level 1  
  60  6:10  Marine  
  60  6:11  Missile Turret, SCV  
  64  6:12  SCV  
  64  6:15  Medivac  
  68  6:18  Medivac  
  68  6:22  Supply Depot  
  68  6:25  SCV x2  
  68  6:33  Marauder x2, Marine  
  68  6:34  Marine  
  68  6:38  Supply Depot  
  68  6:39  Widow Mine x2  
  78  6:43  Missile Turret  
  78  6:46  Medivac  
  80  6:53  Medivac  
  80  6:54  Marine x2  
  82  6:59  Marauder  
  82  7:00  Marauder  
  88  7:01  Supply Depot  
  88  7:07  Widow Mine x2, Command Center  
  90  7:14  Marine x2  
  92  7:19  Refinery, SCV  
  92  7:20  SCV  
  94  7:23  Marauder x2, Concussive Shells  
  98  7:32  Marine x2  
  100  7:38  SCV x2  
  100  7:40  Barracks  
  100  7:41  Supply Depot  
  102  7:45  Marauder x2, Barracks  
  102  7:49  Marine  
  102  7:50  Marine, SCV  
  109  8:02  SCV  
  109  8:04  Supply Depot  
Tags
 
Add a new tag
Caveats
  • Supply blocks, unpowered buildings, or Contaminate may cause inaccurate times.
  • Supply counts are checked every 10 seconds.